 Dungeon Crawl Stone Soup version 0.28.0-53-g5a82cb258f (webtiles) character file.

Game seed: 14419212587661437392

44682 avis the Spry (level 13, -9/66 HPs)
             Began as a Felid Summoner on Aug 8, 2022.
             Was an Initiate of Gozag.
             Mangled by a spriggan rider
             ... wielding a +0 spear
              (27 damage)
             ... on level 1 of the Swamp on Aug 12, 2022.
             The game lasted 08:07:09 (37029 turns).

avis the Spry (Felid Summoner)                     Turns: 37029, Time: 08:07:10

Health: -9/66      AC:  3    Str:  4    XL:     13   Next: 97%
Magic:  10/28      EV: 30    Int: 27    God:    Gozag
Gold:   5405       SH:  0    Dex: 17    Spells: 4/32 levels left
                                        Lives:  0   Deaths: 4

rFire   . . .      SeeInvis +   (weapon unavailable)
rCold   + . .      Faith    .   (shield unavailable)
rNeg    . . .      Spirit   .   (armour unavailable)
rPois   .          Reflect  .   (helmet unavailable)
rElec   .          Harm     .   (cloak unavailable)
rCorr   .          Rampage  .   (gloves unavailable)
Will    +....                   (boots unavailable)
Stlth   ++........              o - amulet of magic regeneration
HPRegen 0.21/turn               O - +6 ring of intelligence
MPRegen 0.61/turn               u - ring of wizardry

@: forested, gold aura, quick
A: very small, claws 1, fangs 3, see invisible, speed 1, shaggy fur 3, stealthy
paws, no weapons or thrown items, no armour, multi-lived
a: Renounce Religion, Potion Petition, Call Merchant, Bribe Branch


You were on level 1 of the Swamp.
You worshipped Gozag.
Gozag was greatly pleased with you.
You visited 6 branches of the dungeon, and saw 23 of its levels.
You also visited: Bailey.

You collected 7518 gold pieces.
You spent 2054 gold pieces at shops.
You paid 59 gold pieces to Gozag.

Inventory:

Jewellery
 n - a ring of protection from fire
 o - an amulet of magic regeneration (around neck)
 u - a ring of wizardry (right paw)
 z - a ring of flight
 A - a ring of poison resistance
 O - a +6 ring of intelligence (left paw)
Wands
 b - a wand of charming (10)
 g - a wand of flame (7)
 s - a wand of acid (9)
 t - a wand of iceblast (22)
 C - a wand of polymorph (5)
 D - a wand of digging (3)
 L - a wand of paralysis (5)
Scrolls
 d - 7 scrolls of teleportation
 h - 10 scrolls of magic mapping
 i - 6 scrolls of fear
 l - 2 scrolls of summoning
 m - 3 scrolls of vulnerability
 p - 3 scrolls of immolation
 q - 4 scrolls of fog
 x - 2 scrolls of torment
 y - a scroll of silence
 E - a scroll of blinking
 H - 4 scrolls of identify
Potions
 a - 5 potions of mutation
 c - 6 potions of brilliance
 e - 7 potions of curing
 f - 4 potions of flight
 j - 3 potions of ambrosia
 k - a potion of invisibility
 r - 7 potions of heal wounds
 w - 4 potions of lignification
 B - 4 potions of haste
 G - 2 potions of might
 I - a potion of berserk rage
 J - a potion of cancellation
 K - 2 potions of magic
 P - a potion of attraction
Miscellaneous
 F - a lightning rod (4/4)
 N - a phial of floods


   Skills:
 - Level 13.4 Fighting
 - Level 17.4 Dodging
 - Level 3.0 Stealth
 - Level 10.0 Spellcasting
 - Level 8.4 Hexes
 - Level 11.9 Summonings
 - Level 6.4 Translocations
 * Level 10.9 Transmutations
 - Level 7.0 Air Magic


You had 4 spell levels left.
You knew the following spells:

 Your Spells              Type           Power      Damage    Failure   Level
b - Call Imp              Summ           67%        N/A       1%          2
c - Call Canine Familiar  Summ           67%        N/A       1%          3
g - Summon Guardian Gole  Hex/Summ       62%        N/A       1%          3
l - Summon Lightning Spi  Summ/Air       59%        N/A       1%          4
C - Summon Cactus Giant   Summ           33%        N/A       1%          6
F - Summon Forest         Summ/Tloc      29%        N/A       1%          5
V - Summon Mana Viper     Hex/Summ       62%        N/A       1%          5

Your spell library contained the following spells:

 Spells                   Type           Power      Damage    Failure   Level
 Beastly Appendage        Tmut           100%       N/A       1%          1
 Freeze                   Ice            52%        1d7       1%          1
 Summon Small Mammal      Summ           100%       N/A       1%          1
 Wereblood                Tmut           64%        N/A       1%          2
 Confusing Touch          Hex            56%        N/A       1%          3
 Dazzling Flash           Conj/Hex       72%        N/A       1%          3
 Gell's Gravitas          Tloc           48%        N/A       1%          3
 Spider Form              Tmut/Pois      43%        N/A       1%          3
 Teleport Other           Tloc           48%        N/A       1%          3
 Ice Form                 Ice/Tmut       43%        N/A       1%          4
 Summon Ice Beast         Ice/Summ       45%        N/A       1%          4
 Iskenderun's Mystic Bla  Conj/Tloc      30%        2d8       4%          4
 Frozen Ramparts          Ice            26%        1d4       5%          3
 Hailstorm                Conj/Ice       13%        3d5       16%         4
 Blade Hands              Tmut           32%        N/A       1%          5
 Yara's Violent Unravell  Hex/Tmut       30%        3d13      1%          5
 Irradiate                Conj/Tmut      21%        3d21      5%          5
 Dragon Form              Tmut           32%        N/A       16%         7
 Dispersal                Tloc           24%        N/A       19%         6
 Enfeeble                 Hex            28%        N/A       41%         7
 Starburst                Conj/Fire      6%         6d4       92%         6
 Disjunction              Tloc           24%        N/A       100%        8


Dungeon Overview and Level Annotations

Branches:
Dungeon (12/15)            Temple (1/1) D:7            Lair (6/6) D:10
  Swamp (1/4) Lair:4       Spider (1/4) Lair:3        Slime (0/5) Lair:6
    Orc (2/2) D:12            Elf (0/3) Orc:2        Bailey (visited)

Altars:
Ashenzari
Cheibriados
Dithmenos
Fedhas
Gozag
Makhleb
Nemelex Xobeh
Okawaru
Qazlal
Ru
Uskayaw
Vehumet
Wu Jian
Yredelemnul
Zin
The Shining One

Shops:
D:2 ?   D:5 *   D:7 *   Orc:1 *   Orc:2 ((*(

Annotations:
D:12 3 runed translucent doors, COBRA's ghost, journeyman HOBe
Lair:4 1 runed translucent door
Orc:1 3 runed translucent doors, Dienlag's ghost, novice OpMo


Innate Abilities, Weirdness & Mutations

You have sharp claws.
You have razor-sharp teeth.
You have supernaturally acute eyesight. (SInv)
You cover ground quickly. (Speed+)
Your thick and shaggy fur keeps you warm. (AC +3, rC+)
Your paws help you pounce on unaware monsters.
You are incapable of wielding weapons or throwing items.
You cannot wear armour.
You gain extra lives every three experience levels.


Message History

Your mana viper bites the eleionoma!
The eleionoma dies!
The spriggan rider barely misses your mana viper.
You swap places.
The spriggan rider is struck by your cactus giant's spines.
The spriggan rider completely misses your cactus giant.
Your lightning spire shoots out a bolt of lightning at the spriggan rider!
The bolt of electricity misses the spriggan rider.
The spriggan rider is struck by your cactus giant's spines.
The spriggan rider hits your cactus giant with a +0 spear!!
The spriggan rider completely misses you.
Your cactus giant closely misses the spriggan rider.
Your mana viper completely misses the spriggan rider.
The spriggan rider is struck by your cactus giant's spines.
The spriggan dies!
The hornet hits your cactus giant with a +0 spear.
The spriggan rider closely misses you.
The spriggan rider is struck by your cactus giant's spines.
The hornet dies!
The spriggan falls from its now dead mount.
The spriggan hits your cactus giant with a +0 spear!
Casting: Summon Guardian Golem (safe; 1% risk of failure)
Confirm with . or Enter, or press ? or * to list all spells.
Your mana viper barely misses the spriggan rider.
The hornet is distracted by your dazzling golden aura.
The spriggan rider hits you from afar with a +0 spear.
* * * LOW HITPOINT WARNING * * *
The spriggan rider misses you.
Your mana viper barely misses the spriggan rider.
The spriggan is distracted by your dazzling golden aura.
The hornet is no longer distracted by gold.
The hornet is struck by your cactus giant's spines.
The hornet dies!
Your lightning spire shoots out a bolt of lightning at the spriggan rider!
The bolt of electricity hits the spriggan rider!
Your mana viper bites the spriggan rider.
The spriggan rider hits your mana viper with a +0 spear!!
The spriggan rider hits you from afar with a +0 spear!!
You die...
Your body crumbles into a pile of gold.

♣.≈≈≈──♣....♣♣.≈..♣♣
♣ ♣≈≈/≈≈.≈≈≈.≈♣ ♣≈.♣♣
≈≈ ♣♣.≈≈≈≈..≈.≈♣♣♣♣♣♣
≈≈.♣...≈≈..≈≈≈♣..≈♣
≈..≈§§≈.....≈≈...≈♣♣♣
...≈§≈..>♣♣.....≈≈..♣
♣.≈≈≈≈..≈.♣♣♣♣≈.≈≈≈≈♣
♣.....ii♣♣♣♣♣♣♣...♣♣
..(....$CS.@.♣♣♣♣♣♣♣
##♣♣♣♣♣♣#9...≈♣
♣8ih.♣♣ #..≈≈≈.♣
....≈...)♣
.........≈≈♣
...♣.≈....§.♣♣ ##
.≈.≈.....♣
♣.§≈..≈♣≈♣♣


You could see 2 spriggan riders, a spriggan (unaware, ally target), a friendly
mana viper (summoned, sheltered), a friendly cactus giant (summoned, sheltered),
a friendly guardian golem (summoned), a friendly warg (summoned, sheltered) and
a friendly lightning spire (summoned, sheltered).

Vanquished Creatures
  A broodmother (Spider:1)
  2 necromancers (Lair:6)
  An orc sorcerer (Orc:2)
  3 elephants
  2 cane toads
  Maggie (D:7)
  A tarantella (Spider:1)
  A blink frog (Lair:2)
  A water moccasin (D:7)
  A bullfrog skeleton (D:6)
  An orc wizard (D:6)
  3 orcs
  A bat (D:1)
  An endoplasm (D:3)
  A giant cockroach (D:4)
  A goblin (D:4)
  A jackal (D:1)
  A ball python (D:4)
  A rat (D:3)
25 creatures vanquished.

Vanquished Creatures (collateral kills)
  Gastronok (D:10)
  Donald (Spider:1)
  An orc warlord (Orc:1)
  The ghost of yahweh the Fighter, a journeyman MiBe of Trog (Orc:2)
  An eleionoma (Swamp:1)
  An entropy weaver (Lair:3)
  A dire elephant (Lair:6)
  A spark wasp (Lair:3)
  5 hydras
  2 two-headed ogres
  2 death yaks
  3 orc high priests (Orc:2)
  A fire crab (Lair:4)
  A spectral death yak (Lair:6)
  Nergalle (D:12)
  An orb spider (Spider:1)
  An obsidian statue (Lair:6)
  2 necromancers (Lair:6)
  7 orc knights
  An ugly thing (D:11)
  A cyclops (D:12)
  4 orc sorcerers
  A wolf spider (Lair:1)
  2 manticores
  A moth of wrath (Spider:1)
  A centaur zombie (D:11)
  11 elephants
  Maurice (D:8)
  A torpor snail (Lair:2)
  3 black mambas
  Joseph (D:8)
  13 cane toads
  A rime drake (Lair:2)
  An unseen horror (D:11)
  A demonic crawler (Spider:1)
  7 komodo dragons
  2 tyrant leeches
  3 hornets
  5 polar bears
  3 tarantellas
  16 blink frogs
  8 dream sheep
  2 centaur simulacra (D:11)
  2 spriggans
  2 jumping spiders
  A shadow (D:11)
  A wyvern (D:9)
  22 yaks
  3 wraiths (D:12)
  2 culicivoras (Spider:1)
  A vampire (D:12)
  3 redbacks (Spider:1)
  2 steam dragons
  4 vampire mosquitoes (D:12)
  Menkaure (D:7)
  3 wargs (Orc:2)
  A spectral cane toad (Lair:6)
  4 swamp worms
  An acid dragon (D:12)
  Duvessa (D:7)
  10 water moccasins
  A swamp drake (D:12)
  30 orc warriors
  2 black bears
  2 meliai simulacra (D:11)
  A sky beast (D:8)
  4 ice beasts (D:11)
  5 ogres
  8 centaurs
  21 wolves
  A phantom (D:5)
  A kobold brigand (D:11)
  3 nameless horrors (Orc:2)
  A gnoll sergeant (D:8)
  11 bullfrogs
  5 scorpions
  Dowan (D:7)
  An elephant simulacrum (Lair:6)
  5 wights
  6 electric eels
  6 howler monkeys
  2 jellies (Lair:6)
  A bullfrog zombie (D:6)
  16 orc priests
  2 centaur skeletons (D:7)
  8 hounds
  A bullfrog skeleton (D:7)
  3 gnoll shamans
  13 orc wizards
  Natasha (thrice) (D:3)
  2 iguanas (D:4)
  A killer bee zombie (D:8)
  A howler monkey zombie (D:5)
  6 adders
  14 gnolls
  A howler monkey skeleton (D:6)
  5 white imps
  3 ufetubi (D:11)
  2 adder skeletons (D:4)
  A worm (D:2)
  3 dart slugs
  72 orcs
  4 bats
  10 endoplasms
  A giant cockroach (D:1)
  12 goblins
  12 hobgoblins
  6 jackals
  11 kobolds
  4 quokkas
  7 ball pythons
  A frilled lizard (D:2)
  4 rats
535 creatures vanquished.

Vanquished Creatures (others)
  4 dire elephants (Lair:6)
  4 hydras
  Harold (D:9)
  2 two-headed ogres
  2 death yaks
  Sonja (Lair:4)
  A spectral death yak (Lair:6)
  A spectral anaconda (Lair:6)
  4 elephants
  A centaur zombie (D:10)
  4 black mambas
  4 cane toads
  A rime drake (Lair:2)
  4 komodo dragons
  2 trolls
  A hornet (D:6)
  A tyrant leech (Lair:4)
  5 blink frogs
  2 spectral elephants (Lair:6)
  A centaur simulacrum (D:11)
  21 yaks
  A basilisk (Lair:3)
  A death yak simulacrum (Lair:6)
  A steam dragon (D:6)
  A water moccasin (D:9)
  4 orc warriors
  3 ice beasts
  3 centaurs
  An ogre (D:6)
  An elephant zombie (Lair:6)
  13 wolves
  An elephant skeleton (Lair:6)
  A bullfrog (Lair:2)
  An elephant simulacrum (Lair:6)
  3 wights (D:9)
  2 electric eels
  2 jellies
  An orc priest (D:11)
  A hound (D:10)
  2 orc wizards
  3 gnolls (D:9)
  An adder (D:6)
  A white imp (D:7)
  A howler monkey simulacrum (D:11)
  5 orcs
  2 kobolds (D:11)
  43 fungi
  47 plants
  12 toadstools (Lair:4)
  31 withered plants
256 creatures vanquished.

Grand Total: 816 creatures vanquished

Notes
Turn   | Place    | Note
-------+----------+-------------------------------------------
     0 | D:1      | avis the Felid Summoner began the quest for the Orb.
     0 | D:1      | Reached XP level 1. HP: 7/7 MP: 4/4
   275 | D:1      | Found a faded altar of an unknown god.
   470 | D:1      | Reached XP level 2. HP: 11/11 MP: 3/6
   590 | D:1      | Learned a level 2 spell: Call Imp
   941 | D:1      | Reached XP level 3. HP: 14/14 MP: 5/8
   952 | D:1      | Learned a level 3 spell: Call Canine Familiar
  1930 | D:2      | Found a broken altar of Ashenzari.
  1954 | D:2      | Reached XP level 4. HP: 18/18 MP: 4/9
  1958 | D:2      | Found Ucrab's Magic Scroll Shoppe.
  2537 | D:3      | Noticed Natasha
  2554 | D:3      | Killed Natasha
  2555 | D:3      | Reached skill level 5 in Summonings
  2561 | D:3      | Noticed Natasha
  2583 | D:3      | Killed Natasha
  2584 | D:3      | Reached XP level 5. HP: 9/21 MP: 1/12
  2800 | D:3      | Identified the +11 mace of Ziez {flame, rElec Str+4}
  2874 | D:3      | Learned a level 3 spell: Summon Guardian Golem
  2901 | D:3      | Found a burning altar of Makhleb.
  2928 | D:3      | Noticed Natasha
  2948 | D:3      | Killed Natasha
  3078 | D:3      | Found Dissonizudgh's Magic Scroll Shoppe.
  3308 | D:3      | Found a snail-covered altar of Cheibriados.
  3466 | D:3      | Found a radiant altar of Vehumet.
  3609 | D:4      | Reached skill level 1 in Hexes
  3696 | D:4      | Found a shadowy altar of Dithmenos.
  4236 | D:4      | Noticed a black bear
  4369 | D:4      | Killed a black bear
  4370 | D:4      | Reached skill level 3 in Dodging
  4370 | D:4      | Gained mutation: You are covered in thick fur. (AC +2)
                  | [Felid growth]
  4370 | D:4      | Reached XP level 6. HP: 25/25 MP: 7/13
  4375 | D:4      | Learned a level 4 spell: Summon Lightning Spire
  4451 | D:4      | Reached skill level 1 in Fighting
  4760 | D:4      | Found an ornate altar of the Wu Jian Council.
  4760 | D:4      | Found an opulent altar of Gozag.
  4765 | D:4      | Became a worshipper of Gozag Ym Sagoz the Greedy
  4836 | D:2      | Bought a scroll of identify for 22 gold pieces
  4836 | D:2      | Bought a scroll of identify for 22 gold pieces
  4836 | D:2      | Bought a scroll of identify for 22 gold pieces
  4836 | D:2      | Bought a scroll of identify for 22 gold pieces
  4836 | D:2      | Bought a scroll of immolation for 38 gold pieces
  4930 | D:5      | Entered Level 5 of the Dungeon
  5569 | D:5      | Reached XP level 7. HP: 28/28 MP: 10/15
  5629 | D:5      | Found Jawall's General Store.
  5705 | D:3      | Bought a scroll of fog for 22 gold pieces
  5705 | D:3      | Bought a scroll of identify for 22 gold pieces
  5705 | D:3      | Bought a scroll of identify for 22 gold pieces
  5705 | D:3      | Bought a scroll of identify for 22 gold pieces
  5809 | D:4      | Reached skill level 5 in Spellcasting
  6288 | D:5      | Found a glowing silver altar of Zin.
  6477 | D:3      | Bought a scroll of magic mapping for 38 gold pieces
  6573 | D:6      | Noticed a hornet
  6573 | D:6      | Noticed a steam dragon
  6618 | D:6      | Noticed a steam dragon
  6653 | D:6      | Reached skill level 4 in Dodging
  6679 | D:6      | Paralysed by a hornet for 2 turns
  6680 | D:6      | Mangled by a hornet
  6681 | D:6      | Reached XP level 6. HP: -9/26 MP: 12/14
  6715 | D:6      | Killed a steam dragon
  6716 | D:6      | Reached skill level 5 in Hexes
  6716 | D:6      | Reached XP level 7. HP: 19/30 MP: 14/16
  6741 | D:6      | Killed a hornet
  6749 | D:6      | Noticed a troll
  6758 | D:6      | Killed a troll
  6759 | D:6      | Reached skill level 5 in Dodging
  6902 | D:6      | Reached XP level 8. HP: 34/34 MP: 18/18
  7418 | D:6      | Found a blossoming altar of Fedhas.
  7491 | D:6      | Reached skill level 1 in Air Magic
  7771 | D:6      | Found a stormy altar of Qazlal.
  8098 | D:5      | Bought 2 potions of haste for 280 gold pieces
  8181 | D:7      | Noticed Maggie
  8211 | D:7      | Reached skill level 6 in Dodging
  8241 | D:7      | Killed Maggie
  8350 | D:7      | Noticed Menkaure
  8671 | D:7      | Found a staircase to the Ecumenical Temple.
  8678 | Temple   | Entered the Ecumenical Temple
  8780 | D:7      | Reached XP level 9. HP: 39/39 MP: 13/20
  8851 | D:7      | Found Koenoumeo's Assorted Antiques.
  9552 | D:7      | Noticed Duvessa
  9554 | D:7      | Noticed Dowan
  9562 | D:7      | Killed Dowan
  9577 | D:7      | Killed Duvessa
  9578 | D:7      | Killed Menkaure
  9836 | D:7      | Bought a scroll labelled RAEGUPP XETESM for 22 gold pieces
  9836 | D:7      | Bought 3 scrolls of identify for 132 gold pieces
 10028 | D:8      | Found a hide-covered altar of Uskayaw.
 10299 | D:8      | Found a flagged portal.
 10519 | Bailey   | Entered a bailey
 10985 | Bailey   | Reached skill level 7 in Dodging
 11833 | Bailey   | Reached skill level 5 in Fighting
 12021 | Bailey   | Reached XP level 10. HP: 44/44 MP: 23/23
 12131 | Bailey   | Reached skill level 5 in Air Magic
 12335 | Bailey   | Identified the +12 bardiche of Midnight {pain, rF+}
 12549 | D:8      | You fall into a shaft and drop 3 floors!
 12569 | D:11     | HP: 1/44 [electric eel/bolt of electricity (10)]
 12729 | D:11     | Noticed a white ugly thing
 12741 | D:11     | Killed a white ugly thing
 13013 | D:10     | Entered Level 10 of the Dungeon
 13082 | D:10     | Reached skill level 8 in Dodging
 13367 | D:8      | Noticed Maurice
 13468 | D:8      | Killed Maurice
 13626 | D:8      | Noticed Joseph
 13647 | D:8      | Killed Joseph
 14165 | D:2      | Bought a scroll of summoning for 104 gold pieces
 14165 | D:2      | Bought a scroll of vulnerability for 82 gold pieces
 14264 | D:5      | Bought a scroll of identify for 28 gold pieces
 14264 | D:5      | Bought a wand of acid (2) for 168 gold pieces
 14320 | D:3      | Bought a scroll of identify for 22 gold pieces
 14320 | D:3      | Bought a scroll of summoning for 104 gold pieces
 14320 | D:3      | Bought a scroll of teleportation for 33 gold pieces
 14590 | D:7      | Bought 3 scrolls of magic mapping for 231 gold pieces
 14654 | D:9      | Noticed Harold
 14824 | D:9      | Killed Harold
 14907 | D:9      | Reached XP level 11. HP: 31/48 MP: 25/25
 15797 | D:9      | Noticed a two-headed ogre
 15810 | D:9      | Killed a two-headed ogre
 15943 | D:9      | Reached skill level 9 in Dodging
 16884 | D:10     | Noticed Gastronok
 16916 | D:10     | Killed Gastronok
 16917 | D:10     | Reached skill level 10 in Spellcasting
 17252 | D:10     | Found a staircase to the Lair.
 17524 | D:10     | Reached skill level 10 in Dodging
 17525 | D:10     | Reached skill level 10 in Summonings
 17727 | D:10     | Noticed a two-headed ogre
 17738 | D:10     | Killed a two-headed ogre
 18040 | Lair:1   | Entered Level 1 of the Lair of Beasts
 18166 | Lair:1   | Gained mutation: Your thick and shaggy fur keeps you warm.
                  | (AC +3, rC+) [Felid growth]
 18166 | Lair:1   | Reached XP level 12. HP: 55/55 MP: 27/27
 18233 | Lair:1   | Reached skill level 11 in Dodging
 18801 | Lair:2   | Noticed a four-headed hydra
 18958 | Lair:2   | Noticed a four-headed hydra
 19125 | Lair:2   | Killed from afar by a rime drake
 19126 | Lair:2   | Reached XP level 11. HP: -11/52 MP: 23/26
 19135 | Lair:2   | Reached skill level 12 in Dodging
 20202 | Lair:2   | Killed a four-headed hydra
 20244 | Lair:2   | Reached skill level 13 in Dodging
 20275 | Lair:2   | Killed a four-headed hydra
 20295 | Lair:2   | Found a sacrificial altar of Ru.
 20403 | Lair:2   | Reached skill level 10 in Fighting
 20776 | Lair:2   | Noticed a death yak
 20796 | Lair:2   | Killed a death yak
 20797 | Lair:2   | Reached XP level 12. HP: 49/58 MP: 24/27
 21311 | Lair:3   | Reached skill level 14 in Dodging
 21459 | Lair:3   | Found a hole to the Spider Nest.
 22891 | D:11     | Noticed a two-headed ogre
 22906 | D:11     | Killed a two-headed ogre
 22921 | D:11     | Reached skill level 15 in Dodging
 23872 | D:11     | Killed from afar by an electric eel
 23873 | D:11     | Reached XP level 11. HP: 0/56 MP: 26/26
 24360 | D:11     | Noticed a death yak
 24376 | D:11     | Killed a death yak
 24736 | Spider:1 | Entered Level 1 of the Spider Nest
 25013 | Lair:4   | Reached skill level 1 in Transmutations
 25318 | Lair:4   | Noticed a fire crab
 25333 | Lair:4   | Killed a fire crab
 25334 | Lair:4   | Reached XP level 12. HP: 61/61 MP: 19/27
 25406 | Lair:4   | Noticed a dire elephant
 25433 | Lair:4   | Found a runed translucent door.
 25590 | Lair:4   | Noticed a six-headed hydra
 25599 | Lair:4   | Killed a six-headed hydra
 25821 | Lair:4   | Noticed Sonja
 25843 | Lair:4   | Killed Sonja
 25942 | Lair:4   | Noticed an eight-headed hydra
 25948 | Lair:4   | Killed an eight-headed hydra
 26030 | Lair:4   | Found a staircase to the Swamp.
 26728 | Lair:5   | Reached skill level 5 in Transmutations
 26901 | Lair:4   | Reached skill level 16 in Dodging
 27938 | Lair:5   | Noticed a six-headed hydra
 27950 | Lair:5   | Killed a six-headed hydra
 28098 | Lair:5   | Noticed a four-headed hydra
 28108 | Lair:5   | Killed a four-headed hydra
 28109 | Lair:5   | Reached XP level 13. HP: 65/65 MP: 22/28
 28679 | Lair:6   | Entered Level 6 of the Lair of Beasts
 30151 | Lair:6   | Noticed a dire elephant
 30151 | Lair:6   | Noticed a dire elephant
 30151 | Lair:6   | Noticed a dire elephant
 30193 | Lair:6   | Killed a dire elephant
 30335 | Lair:6   | Noticed a dire elephant
 30337 | Lair:6   | Noticed a dire elephant
 30668 | Lair:6   | Found a staircase to the Slime Pits.
 31202 | Lair:6   | Reached skill level 17 in Dodging
 31288 | Lair:6   | Killed a dire elephant
 31294 | Lair:6   | Killed a dire elephant
 31299 | Lair:6   | Killed a dire elephant
 31307 | Lair:6   | Killed a dire elephant
 31308 | Lair:6   | Reached skill level 10 in Transmutations
 31483 | Lair:6   | Reached XP level 14. HP: 70/70 MP: 23/29
 31520 | Lair:6   | Learned a level 6 spell: Summon Cactus Giant
 31530 | Lair:6   | Learned a level 5 spell: Summon Mana Viper
 31536 | Lair:6   | Learned a level 5 spell: Summon Forest
 31968 | Lair:6   | Reached skill level 1 in Translocations
 32273 | D:12     | Noticed Nergalle
 32616 | D:12     | Found a runed translucent gate.
 32616 | D:12     | Found a runed translucent gate.
 32617 | D:12     | Found a runed translucent gate.
 32624 | D:12     | Noticed COBRA's ghost (journeyman HOBe)
 32641 | D:12     | Found an iron altar of Okawaru.
 32767 | D:12     | Killed Nergalle
 33125 | D:12     | Found a staircase to the Orcish Mines.
 33510 | Orc:1    | Entered Level 1 of the Orcish Mines
 33807 | Orc:1    | Found Waxkem's Specific Store.
 33808 | Orc:1    | Found Emo Sadd's General Store.
 33828 | Orc:1    | Bought a potion of heal wounds for 60 gold pieces
 33828 | Orc:1    | Bought a potion of heal wounds for 60 gold pieces
 33828 | Orc:1    | Bought a scroll of identify for 24 gold pieces
 33828 | Orc:1    | Bought a wand of digging (6) for 240 gold pieces
 33828 | Orc:1    | Bought a potion of mutation for 96 gold pieces
 33832 | Orc:1    | Bought a potion of lignification for 39 gold pieces
 33912 | Orc:1    | Noticed an orc warlord
 33921 | Orc:1    | Killed an orc warlord
 34015 | Orc:1    | Found a runed translucent gate.
 34015 | Orc:1    | Found a runed translucent gate.
 34016 | Orc:1    | Found a runed translucent gate.
 34022 | Orc:1    | Noticed Dienlag's ghost (novice OpMo)
 34246 | Orc:2    | Entered Level 2 of the Orcish Mines
 34470 | Orc:2    | Found a staircase to the Elven Halls.
 35240 | Orc:2    | Reached skill level 5 in Translocations
 35375 | Orc:2    | Found Soxteak's General Store.
 35375 | Orc:2    | Found Ytijigg's Antique Weapon Boutique.
 35377 | Orc:2    | Found Royphele's Weapon Shoppe.
 35377 | Orc:2    | Found Ziutraq's Weapon Boutique.
 35403 | Orc:2    | Bought a scroll of fear for 49 gold pieces
 35403 | Orc:2    | Bought a scroll of identify for 28 gold pieces
 35479 | Orc:2    | Found a runed translucent door.
 35483 | Orc:2    | Noticed yahweh's ghost (journeyman MiBe)
 35523 | Orc:2    | Killed yahweh's ghost
 35851 | Spider:1 | Noticed Donald
 35872 | Spider:1 | Killed Donald
 35886 | Spider:1 | Noticed a broodmother
 35940 | Spider:1 | Killed a broodmother
 36322 | Spider:1 | HP: 2/70 [spark wasp (12)]
 36328 | Lair:3   | HP: 2/70 [spark wasp (30)]
 36328 | Lair:3   | Demolished by a spark wasp
 36329 | Lair:3   | Reached XP level 13. HP: -14/66 MP: 4/28
 36356 | Lair:3   | Killed a spark wasp
 36567 | Lair:3   | Killed an entropy weaver
 36789 | Swamp:1  | Entered Level 1 of the Swamp
 37016 | Swamp:1  | Noticed an eleionoma
 37025 | Swamp:1  | Killed an eleionoma
 37029 | Swamp:1  | Mangled by a spriggan rider

Illustrated notes

Levels and vault maps discovered:
D:1:      sevenhm_arrival_forest_fort_small_5, layout_basic,
          shapermc_ecumenical_altar_ellora
D:2:      layout_basic, serial_shops, nicolae_shop_window_shopping, basic_altar,
          minmay_liquid_box, minmay_octomino_j4
D:3:      layout_rooms, nicolae_vehumet_altar_sigil, general_overflow_altar,
          nicolae_overflow_crystal_walls, serial_shops, shop,
          hangedman_decor_lopped, uniq_natasha
D:4:      layout_rooms, nicolae_dithmenos_shadow_blocks,
          gammafunk_temple_overflow_statue, minmay_misc_feat_doors,
          kennysheep_generic_room_6
D:5:      layout_rooms, mainiacjoe_overflow_alcove_4, serial_shops,
          nicolae_shop_hallway_stairs
D:6:      layout_loops_ring, mainiacjoe_overflow_six_doors_small,
          grunt_qazlal_sundering
D:7:      layout_loops_corners, minmay_temple_entry_gardened_gates,
          serial_shops, nicolae_shop_window_shopping, uniq_maggie, uniq_duvessa,
          uniq_menkaure
D:8:      layout_basic, mainiacjoe_overflow_catwalk, enter_bailey_4,
          uniq_maurice, uniq_joseph
D:9:      layout_roguey, serial_park_tiny_1, uniq_harold
D:10:     layout_roguey, erik_lair_island, uniq_gastronok
D:11:     layout_irregular_city, serial_ice, serial_ice_g, serial_ice_c,
          serial_ice_j, serial_ice_a, serial_ice_e, serial_ice_m, serial_ice_h,
          serial_ice_n, serial_ice_b, serial_ice_f, chequers_big_river,
          chequers_serial_rivers_small_b
D:12:     layout_gridville, erik_orc_1, gammafunk_ghost_fury_of_okawaru,
          the_hattery, uniq_nergalle
Temple:   nicolae_temple_hex_pool
Lair:1:   layout_misc_corridors, nicolae_lair_run_with_the_wolves,
          lemuel_fruit_fields, serial_bayou_shore_b
Lair:2:   layout_long_grid, basic_altar, grunt_megastairs_5
Lair:3:   hellmonk_ruined_rings, layout_cave_pods, spider_nest_entry_a,
          infiniplex_staircase_pool_2
Lair:4:   gammafunk_lair_enchanted_lake, layout_cave_pods,
          minmay_swamp_entry_worms, uniq_sonja
Lair:5:   layout_cave_pods
Lair:6:   due_jungle_book, layout_loops_ring, nicolae_slime_entry_slimehenge,
          grunt_megastairs_3
Swamp:1:  layout_basic_swamp, evilmike_swamp_ruin_house_5,
          infiniplex_staircase_pool
Spider:1: layout_spider_delve, uniq_donald
Orc:1:    layout_diamond_mine, gammafunk_ghost_necromancy,
          nicolae_specific_store
Orc:2:    grunt_orc_tribal_feast, layout_diamond_mine, gammafunk_ghost_grave

Skill      XL: |  1  2  3  4  5  6  7  8  9 10 11 12 13 14 |
---------------+-------------------------------------------+-----
Spellcasting   | 3 4 6 7 8 9 10 | 10.0
Summonings     | 5 6 7 8 10 11 | 11.9
Hexes          | 2 5 4 8 |  8.4
Dodging        | 3 5 6 7 8 13 16 17 | 17.4
Fighting       | 1 3 4 5 6 10 12 13 | 13.4
Stealth        | 3 |  3.0
Air Magic      | 2 4 6 7 |  7.0
Transmutations | 2 7 10 | 10.9
Translocations | 6 |  6.4

Action                   |  1- 3 |  4- 6 |  7- 9 | 10-12 | 13-15 || total
-------------------------+-------+-------+-------+-------+-------++-------
Melee: Unarmed           |     5 |    18 |    23 |    73 |    46 ||   165
       Bite              |       |     2 |     7 |    12 |    12 ||    33
       Punch             |       |       |     1 |       |     2 ||     3
 Cast: Summon Small Mamm |    25 |    21 |    19 |     8 |     2 ||    75
       Call Imp          |    13 |    16 |    21 |    77 |    26 ||   153
       Call Canine Famil |       |    25 |    45 |   115 |    36 ||   221
       Summon Guardian G |       |     1 |    27 |   127 |    52 ||   207
       Summon Lightning  |       |       |    29 |   142 |    59 ||   230
       Summon Cactus Gia |       |       |       |       |    45 ||    45
       Summon Mana Viper |       |       |       |       |    44 ||    44
       Summon Forest     |       |       |       |       |    17 ||    17
Evoke: Wand              |       |       |     1 |    10 |    15 ||    26
       Lightning rod     |       |       |       |       |     4 ||     4
  Use: Scroll            |       |     4 |    12 |     7 |     7 ||    30
       Potion            |       |       |     2 |     1 |     3 ||     6
 Stab: Sleeping          |       |     6 |     1 |     2 |     1 ||    10
       Distracted        |       |       |     2 |       |     3 ||     5
       Betrayed ally     |       |       |       |     1 |     1 ||     2
Armor: Skin              |     4 |     2 |     2 |     4 |     6 ||    18
Dodge: Dodged            |    13 |    39 |    80 |   269 |   172 ||   573
